Map: Hardwire LE

Players

TIME (Oliveira) - Winner!

  • Race: Terran Terran

AGOElazer (Elazer)

  • Race: Zerg Zerg
  • League: Master

Event: DreamHack SC2 Masters Last Chance 2022

VOD

Have the link to the VOD?

Description

Time

  • Played on: Dec. 17, 2021, 12:25 p.m.
  • Length: 7:45

All games in this series

Show
View Real Time Build Order
Export as new Build Order

TIME Terran - Winner!

Build Orders: Liberator Opening, Reaper Expand 

Get SALT Encoding   

  12  0:00  SCV  
  13  0:12  SCV  
  14  0:17  Supply Depot  
  14  0:24  SCV  
  15  0:38  SCV  
  15  0:40  Barracks  
  16  0:43  Refinery  
  16  0:50  SCV  
  17  1:02  SCV  
  18  1:14  SCV  
  19  1:27  Reaper  
  19  1:28  Orbital Command  
  20  1:39  Command Center  
  20  1:47  Supply Depot  
  20  1:53  SCV  
  21  1:59  Marine  
  22  2:06  SCV  
  23  2:10  Factory  
  23  2:18  SCV  
  23  2:19  Refinery  
  23  2:22  Barracks Reactor  
  24  2:30  SCV  
  25  2:42  SCV  
  26  2:53  Orbital Command  
  26  2:55  Starport  
  26  2:56  SCV  
  27  3:03  Hellion x2  
  31  3:08  SCV  
  31  3:09  Marine  
  33  3:20  SCV x2  
  33  3:24  Hellion  
  33  3:25  Hellion, Supply Depot  
  39  3:31  Barracks Tech Lab  
  39  3:32  Liberator  
  39  3:34  SCV x2  
  44  3:46  Hellion, SCV x2  
  44  3:47  Hellion  
  50  3:49  Supply Depot  
  50  3:55  Stimpack  
  50  3:57  Marine  
  50  3:58  SCV  
  50  4:00  SCV  
  53  4:10  SCV  
  53  4:13  SCV, Command Center  
  53  4:16  Marine  
  56  4:20  Supply Depot, Factory Reactor  
  56  4:23  SCV  
  57  4:25  SCV  
  57  4:26  Barracks  
  58  4:33  Barracks  
  58  4:35  SCV, Starport Reactor  
  58  4:37  Marine  
  60  4:41  SCV  
  60  4:44  Supply Depot  
  61  4:47  SCV  
  62  4:53  SCV  
  62  4:59  SCV, Marine  
  65  5:02  Engineering Bay  
  65  5:03  Engineering Bay  
  65  5:05  SCV  
  66  5:07  Factory Reactor  
  66  5:09  Refinery x2  
  66  5:11  SCV  
  66  5:13  Medivac x2, Marine x2  
  73  5:17  SCV  
  73  5:20  Marine  
  75  5:23  SCV  
  75  5:25  Marine  
  75  5:27  Marine  
  78  5:31  SCV, Marine x2, Orbital Command  
  78  5:34  Terran Infantry Weapons Level 1, Terran Infantry Armor Level 1  
  78  5:35  SCV  
  82  5:38  Marine  
  82  5:39  Combat Shield  
  82  5:42  Supply Depot  
  83  5:43  Marine  
  83  5:44  Marine  
  83  5:49  Marine  
  86  5:50  Marine  
  86  5:52  SCV  
  86  5:53  SCV  
  86  5:56  Marine  
  90  5:58  Orbital Command  
  90  6:04  Marine  
  90  6:05  Barracks x2  
  90  6:06  Supply Depot  
  90  6:07  Supply Depot  
  91  6:11  Marine  
  91  6:15  SCV  
  93  6:24  Marine  
  93  6:25  Marine  
  87  6:28  SCV, Marine  
  87  6:30  Medivac  
  87  6:31  Widow Mine x2, Medivac  
  88  6:33  SCV  
  88  6:36  SCV  
  88  6:40  SCV  
  88  6:42  Marine  
  88  6:44  Marine x2  
  88  6:45  SCV  
  90  6:48  SCV  
  90  6:50  Marine x2  
  90  6:52  SCV  
  90  6:53  Barracks Reactor x2  
  94  6:54  Armory  
  94  6:57  Widow Mine x2, SCV  
  94  6:59  Factory  
  94  7:00  SCV, Marine  
  101  7:01  Marine  
  101  7:02  Marine  
  101  7:04  SCV  
  101  7:08  Medivac x2, Marine x2  
  108  7:09  SCV  
  108  7:12  SCV  
  108  7:13  Supply Depot x2  
  108  7:14  Refinery  
  112  7:18  Marine  
  112  7:19  Marine  
  112  7:20  Marine  
  115  7:25  Marine  
  115  7:27  Marine  
  122  7:45  Factory Tech Lab  
Show
View Real Time Build Order
Export as new Build Order

AGOElazer Zerg 

Build Orders: Hatch First 

Get SALT Encoding   

  12  0:00  Drone  
  13  0:12  Overlord  
  13  0:17  Drone  
  14  0:30  Drone x2  
  16  0:48  Hatchery  
  15  0:51  Drone  
  15  0:54  Drone  
  17  0:57  Drone  
  18  1:08  Extractor  
  17  1:13  Spawning Pool  
  17  1:16  Drone  
  17  1:19  Drone  
  18  1:28  Drone  
  19  1:38  Drone  
  20  1:49  Drone  
  21  1:59  Queen  
  21  2:00  Zergling x2, Queen  
  21  2:01  Zergling x2  
  27  2:11  Drone, Overlord  
  27  2:12  Metabolic Boost  
  28  2:28  Hatchery  
  28  2:29  Drone  
  28  2:33  Drone  
  28  2:34  Drone  
  28  2:36  Drone  
  31  2:43  Queen  
  33  2:49  Overlord  
  33  2:52  Drone  
  33  2:57  Drone x2  
  36  3:05  Overlord  
  36  3:08  Drone x4  
  40  3:16  Queen  
  42  3:20  Queen  
  42  3:24  Overlord  
  42  3:25  Drone  
  45  3:27  Drone  
  45  3:32  Zergling x2  
  47  3:37  Drone  
  47  3:39  Zergling x2  
  47  3:40  Drone x4  
  53  3:43  Queen  
  53  3:48  Zergling x2  
  56  3:52  Drone x4  
  60  3:56  Queen  
  62  4:03  Drone x4  
  65  4:12  Overlord  
  65  4:15  Baneling Nest  
  64  4:17  Drone  
  64  4:21  Overlord  
  65  4:30  Drone, Spore Crawler  
  65  4:31  Overlord  
  65  4:32  Spore Crawler x2  
  65  4:34  Queen  
  65  4:37  Zergling x8  
  65  4:38  Zergling x4  
  71  4:40  Overlord  
  71  4:49  Drone x5  
  76  4:55  Zergling x2  
  76  4:59  Zergling x4  
  79  5:00  Zergling x2  
  79  5:06  Drone x4  
  84  5:08  Drone x2  
  84  5:10  Extractor  
  84  5:11  Extractor  
  84  5:12  Overlord  
  84  5:15  Drone  
  84  5:16  Hatchery, Lair  
  84  5:17  Drone x2  
  84  5:18  Drone x2  
  88  5:28  Queen, Overlord  
  88  5:29  Drone x2  
  95  5:35  Drone x3  
  95  5:37  Drone x2  
  95  5:40  Drone  
  95  5:41  Drone  
  100  5:42  Drone  
  100  5:43  Drone, Extractor  
  100  5:45  Drone  
  100  5:47  Overlord  
  101  5:51  Drone x4  
  101  5:52  Evolution Chamber x2  
  103  5:59  Drone x2  
  103  6:00  Drone  
  106  6:04  Queen  
  106  6:08  Overlord  
  106  6:09  Zergling x8  
  111  6:21  Zergling x10  
  111  6:25  Zergling x6  
  91  6:36  Drone x7  
  91  6:38  Drone  
  98  6:44  Drone x4  
  101  6:48  Drone x2  
  101  6:51  Drone x2  
  103  6:59  Drone x3  
  103  7:00  Drone  
  107  7:06  Overseer, Extractor  
  107  7:07  Extractor  
  105  7:09  Hydralisk Den, Zergling x2  
  105  7:10  Zergling x2  
  105  7:12  Hatchery  
  105  7:15  Zergling x4  
  107  7:21  Zergling x6  
  118  7:25  Zergling x4  

Tags
 
Add a new tag
Caveats
  • Supply blocks, unpowered buildings, or Contaminate may cause inaccurate times.
  • Supply counts are checked every 10 seconds.